Construct Infanterie Kompanie
Selects Mechanized Battlegroup
Infanterie Officer Quarters
Construct Panzergrenadier Kompanie
Pak 40 Anti-tank Gun Team
Selects StuG Assault Group
Selects Mobile Repair Stations
Nebelwerfer 42 Rocket Launcher Team
Nebelwerfer 42 Rocket Launcher Team
Selects Stoßtruppen Assault Package
Selects Zeroing Artillery Barrage
Selects UNKNOWN (2160084)
Panzergrenadier Officer Quarters
Zeroing Artillery Barrage